 Dungeon Crawl Stone Soup version 0.22.1-1-ga44c0e5 (webtiles) character file.

116 TrulyOutrageous the Gusty (level 5, -12/43 HPs)
             Began as a Gnoll Wanderer on Oct 22, 2018.
             Mangled by Sigmund
             ... wielding a +0 scythe
              (13 damage)
             ... on level 3 of the Dungeon on Oct 24, 2018.
             The game lasted 00:06:43 (2658 turns).

TrulyOutrageous the Gusty (Gnoll Wanderer)          Turns: 2658, Time: 00:06:43

Health: -12/43     AC:  7    Str: 13    XL:     5   Next: 1%
Magic:  7/7        EV:  9    Int: 15    God:
Gold:   87         SH:  4    Dex: 16    Spells: 6/6 levels left

rFire    . . .     SeeInvis .   q - +0 trident
rCold    . . .     Gourm    .   r - +0 buckler
rNeg     . . .     Faith    .   p - +0 scale mail
rPois    .         Spirit   .   h - +0 helmet
rElec    .         Reflect  .   (no cloak)
rCorr    .         Harm     .   (no gloves)
MR       .....                  (no boots)
Stlth    +.........             (no amulet)
HPRegen  0.14/turn              (no ring)
MPRegen  0.10/turn              (no ring)

@: berserk cooldown, flying, slowed, very slow
A: distributed training, fangs 1, strong nose
a: no special abilities


You were on level 3 of the Dungeon.
You were hungry.

You visited 1 branch of the dungeon, and saw 3 of its levels.

You collected 87 gold pieces.

Inventory:

Hand Weapons
 b - a +0 shortbow
 q - a +0 trident (weapon)
Missiles
 c - 32 arrows
 j - 2 javelins (quivered)
Armour
 h - a +0 helmet (worn)
 p - a +0 scale mail (worn)
 r - a +0 buckler (worn)
Wands
 a - a wand of flame (36)
Scrolls
 e - a scroll of magic mapping {unknown}
 k - a scroll of random uselessness {unknown}
 l - a scroll of enchant weapon {unknown}
 m - 3 scrolls of remove curse {unknown}
Potions
 d - a potion of flight
 n - a potion of curing {unknown}
 o - a potion of heal wounds {unknown}
Comestibles
 f - 3 rations


   Skills:
 + Level 4.7 Fighting
 + Level 1.2 Short Blades
 + Level 1.2 Long Blades
 + Level 1.2 Axes
 + Level 1.2 Maces & Flails
 + Level 1.2 Polearms
 + Level 1.2 Staves
 + Level 1.2 Slings
 + Level 1.2 Bows
 + Level 1.2 Crossbows
 + Level 2.8 Throwing
 + Level 2.8 Armour
 + Level 1.2 Dodging
 + Level 1.2 Stealth
 + Level 1.2 Shields
 + Level 1.2 Unarmed Combat
 + Level 1.2 Spellcasting
 + Level 1.0 Conjurations
 + Level 1.0 Hexes
 + Level 1.0 Charms
 + Level 1.0 Summonings
 + Level 1.0 Necromancy
 + Level 1.0 Translocations
 + Level 1.0 Transmutations
 + Level 1.0 Fire Magic
 + Level 3.9 Ice Magic
 + Level 5.5 Air Magic
 + Level 1.0 Earth Magic
 + Level 1.0 Poison Magic
 + Level 1.4 Invocations
 + Level 2.8 Evocations


You had 6 spell levels left.
You didn't know any spells.
Your spell library was empty.

Dungeon Overview and Level Annotations

Branches:
Dungeon (3/15)

Altars:
Dithmenos
The Shining One

Annotations:
D:3 Sigmund


Innate Abilities, Weirdness & Mutations

Your experience applies equally to all skills.
You have very sharp teeth.
Your uncanny sense of smell can sniff out nearby items.


Message History

Sigmund flickers and vanishes!
Deactivating autopickup; reactivate with Ctrl-A.
The hobgoblin hits you but does no damage.
Something hits you but does no damage.
You bump into the rock wall.
You feel less confused. You block the hobgoblin's attack. Something hits you.
* * * LOW HITPOINT WARNING * * *
You closely miss the hobgoblin.
The hobgoblin hits you but does no damage.
Something hits you.
* * * LOW HITPOINT WARNING * * *
You block the hobgoblin's attack.
A dart slug comes into view.
You closely miss the hobgoblin.
You bite the hobgoblin, but do no damage.
The hobgoblin barely misses you. Something hits you.
* * * LOW HITPOINT WARNING * * *
The hobgoblin closely misses you. Something hits you!
You die...

. .. ##...
##....#
##..... ##...#
. #.<.##...
#######.#.[..#
.w...{g@..<#.#
##.(..###).# #
####. ....# #
..### ... .#..
##. ∆ ∆


You could see a dart slug and a hobgoblin.

Vanquished Creatures
  6 adders (D:2)
  3 worms (D:2)
  2 leopard geckos (D:2)
  A ball python (D:1)
  5 bats
  3 giant cockroaches
  3 goblins
  6 hobgoblins
  8 jackals
  4 kobolds
  A quokka (D:2)
  7 frilled lizards
  2 rats (D:2)
51 creatures vanquished.

Notes
Turn   | Place    | Note
-------+----------+-------------------------------------------
     0 | D:1      | TrulyOutrageous the Gnoll Wanderer began the quest for the
                  | Orb.
     0 | D:1      | TrulyOutrageous set off with: a wand of flame (15), a +0
                  | shortbow, 21 arrows, a +0 spear, a +0 robe, a ration
     0 | D:1      | Reached XP level 1. HP: 20/20 MP: 2/2
   104 | D:1      | Reached XP level 2. HP: 13/26 MP: 3/3
   645 | D:2      | Found a shadowy altar of Dithmenos.
   660 | D:2      | Reached XP level 3. HP: 28/31 MP: 4/4
  1035 | D:2      | Reached skill level 1 in Invocations
  1080 | D:2      | Reached skill level 1 in Short Blades
  1080 | D:2      | Reached skill level 1 in Long Blades
  1080 | D:2      | Reached skill level 1 in Axes
  1080 | D:2      | Reached skill level 1 in Maces & Flails
  1080 | D:2      | Reached skill level 1 in Polearms
  1080 | D:2      | Reached skill level 1 in Staves
  1080 | D:2      | Reached skill level 1 in Slings
  1080 | D:2      | Reached skill level 1 in Bows
  1080 | D:2      | Reached skill level 1 in Crossbows
  1080 | D:2      | Reached skill level 1 in Dodging
  1080 | D:2      | Reached skill level 1 in Stealth
  1080 | D:2      | Reached skill level 1 in Shields
  1080 | D:2      | Reached skill level 1 in Unarmed Combat
  1080 | D:2      | Reached skill level 1 in Spellcasting
  1080 | D:2      | Reached XP level 4. HP: 24/38 MP: 4/6
  2170 | D:2      | Reached skill level 1 in Conjurations
  2170 | D:2      | Reached skill level 1 in Hexes
  2170 | D:2      | Reached skill level 1 in Charms
  2170 | D:2      | Reached skill level 1 in Summonings
  2170 | D:2      | Reached skill level 1 in Necromancy
  2170 | D:2      | Reached skill level 1 in Translocations
  2170 | D:2      | Reached skill level 1 in Transmutations
  2170 | D:2      | Reached skill level 1 in Fire Magic
  2170 | D:2      | Reached skill level 1 in Earth Magic
  2170 | D:2      | Reached skill level 1 in Poison Magic
  2420 | D:2      | Found a glowing golden altar of the Shining One.
  2436 | D:2      | Reached XP level 5. HP: 31/43 MP: 7/7
  2643 | D:3      | Noticed Sigmund
  2658 | D:3      | HP: 1/43 [something (6)]
  2658 | D:3      | Mangled by Sigmund

Skill      XL: |  1  2  3  4 |
---------------+-------------+-----
Invocations    | 1 |  1.4
Short Blades   | 1 |  1.2
Long Blades    | 1 |  1.2
Axes           | 1 |  1.2
Maces & Flails | 1 |  1.2
Polearms       | 1 |  1.2
Staves         | 1 |  1.2
Slings         | 1 |  1.2
Bows           | 1 |  1.2
Crossbows      | 1 |  1.2
Dodging        | 1 |  1.2
Stealth        | 1 |  1.2
Shields        | 1 |  1.2
Unarmed Combat | 1 |  1.2
Spellcasting   | 1 |  1.2
Conjurations   | 1 |  1.0
Hexes          | 1 |  1.0
Charms         | 1 |  1.0
Summonings     | 1 |  1.0
Necromancy     | 1 |  1.0
Translocations | 1 |  1.0
Transmutations | 1 |  1.0
Fire Magic     | 1 |  1.0
Earth Magic    | 1 |  1.0
Poison Magic   | 1 |  1.0
Fighting       | |  4.7
Throwing       | |  2.8
Armour         | |  2.8
Ice Magic      | |  3.9
Air Magic      | |  5.5
Evocations     | |  2.8

Action                   |  1- 3 |  4- 6 || total
-------------------------+-------+-------++-------
Melee: Spear             |       |    55 ||    55
       Trident           |       |    53 ||    53
       Bite              |       |    10 ||    10
 Fire: Shortbow          |    75 |    21 ||    96
Throw: Javelin           |       |     4 ||     4
Evoke: Wand              |     3 |       ||     3
  Use: Potion            |       |     2 ||     2
  Eat: Chunk             |       |     5 ||     5
Armor: Robe              |     2 |       ||     2
       Ring mail         |    11 |    63 ||    74
       Scale mail        |       |    20 ||    20
Dodge: Dodged            |    24 |    91 ||   115
Block: Buckler           |       |    13 ||    13
